 Dungeon Crawl Stone Soup version 0.19-a0-475-gfca3800 (webtiles) character file.

25 namelastname112 the Vexing (level 2, 0/20 HPs)
             Began as a Vampire Enchanter on June 4, 2016.
             Succumbed to an adder's poison
             ... on level 2 of the Dungeon.
             The game lasted 00:01:41 (1226 turns).

namelastname112 the Vexing (Vampire Enchanter)      Turns: 1226, Time: 00:01:42

Health: 0/20       AC:  4    Str:  7    XL:     2   Next: 82%
Magic:  2/5        EV: 13    Int: 17    God:
Gold:   45         SH:  0    Dex: 14    Spells: 2 memorised, 2 levels left

rFire  . . .     SeeInvis +     a - +1 dagger
rCold  . . .     Gourm    .     b - +1 robe
rNeg   + . .     Faith    .     (no shield)
rPois  .         Spirit   .     (no helmet)
rElec  .         Dismiss  .     f - +0 cloak
rCorr  .         Reflect  .     (no gloves)
SustAt .         Harm     .     (no boots)
MR     .....                    (no amulet)
Stlth  +++.......               (no ring)
                                (no ring)

@: lethally poisoned (0 -> -5), flying, not resistant to hostile enchantments,
fairly stealthy
A: fangs 3, see invisible, unbreathing
a: no special abilities


You were on level 2 of the Dungeon.
You were not thirsty.

You visited 1 branch of the dungeon, and saw 2 of its levels.

You collected 45 gold pieces.

Inventory:

Hand Weapons
 a - a +1 dagger (weapon)
Armour
 b - a +1 robe (worn)
 f - a +0 cloak (worn)
Scrolls
 e - 3 scrolls of identify {unknown}
 h - a scroll of remove curse {unknown}
Potions
 d - a potion of blood
Books
 c - a book of Maledictions

   Spells                             Type                      Level
   a - Corona                         Hexes                        1
   b - Ensorcelled Hibernation        Hexes/Ice                    2
   c - Confuse                        Hexes                        3
   d - Tukima's Dance                 Hexes                        3
   e - Dazzling Spray                 Conjuration/Hexes            3


   Skills:
 + Level 0.3 Fighting
 + Level 1.4 Short Blades
 + Level 2.5 Dodging
 + Level 4.7 Stealth
 + Level 2.1 Spellcasting
 + Level 4.9 Hexes


You had 2 spell levels left.
You knew the following spells:

 Your Spells              Type           Power        Failure   Level  Hunger
v - Corona                Hex            ###....      2%          1    #......
z - Ensorcelled Hibernat  Hex/Ice        ##....       12%         2    ###....


Dungeon Overview and Level Annotations

Branches:
Dungeon (2/15)

Altars:


Innate Abilities, Weirdness & Mutations

You have razor-sharp teeth.
You have supernaturally acute eyesight. (SInv)
You can survive without breathing.


Message History

You are poisoned.
The adder poisons you!
You take 3 damage, and have 10/20 hp.
You feel sick.
You take 1 damage, and have 10/20 hp.
The adder bites you.
* * * LOW HITPOINT WARNING * * *
You take 5 damage, and have 5/20 hp.
MASSIVE DAMAGE!!
* * * LOW HITPOINT WARNING * * *
You feel sick.
There is a stone staircase leading up here.
You take 1 damage, and have 4/20 hp.
It was a potion of flight.
You feel very buoyant.
You fly up into the air.
The adder bites you but does no damage.
Yummy - fresh blood!
The adder barely misses you. The adder bites you.
* * * LOW HITPOINT WARNING * * *
You take 3 damage, and have 1/20 hp.
Yummy - fresh blood!
You die...

.. ...... ....#. ...
#....##...... ...#
#.#..#......#.
....#.#..#.......
##..#...........
.#............#.#
................#
.......@S...#.#
........K...#.# #
......#.......# ..
......#.....!.#####.#
...#. #..##.........##
.. ......##..........#
.
.#..#..##............
.....#..##...##.....#.
.. ........# .......


You could see an adder and a kobold.

Vanquished Creatures
  An ooze (D:1)
  2 dart slugs (D:1)
  A giant gecko (D:1)
  2 hobgoblins (D:1)
  4 kobolds (D:1)
  4 bats
  A goblin (D:1)
  2 rats (D:1)
17 creatures vanquished.

Notes
Turn   | Place    | Note
--------------------------------------------------------------
     0 | D:1      | namelastname112 the Vampire Enchanter began the quest for the Orb.
     0 | D:1      | Reached XP level 1. HP: 13/13 MP: 3/3
    42 | D:1      | Reached XP level 2. HP: 11/19 MP: 5/5
   176 | D:1      | Learned a level 2 spell: Ensorcelled Hibernation
   311 | D:1      | crauler: какой апт на хексы?
   390 | D:1      | namelastname112: 4
   775 | D:1      | crauler: жавелины
   896 | D:1      | namelastname112: поъуй
  1225 | D:2      | HP: 1/20 [adder (3)]
  1226 | D:2      | Succumbed to an adder's poison

Vault maps used:
D:1:      lightli_arrival_maybe_door_vault, serial_co_window_serial,
          co_window_paths_b, co_window_paths_b, co_window_paths_a,
          co_window_paths_a, co_window_paths_a, co_window_cross_2,
          co_window_broadway_b, co_window_broadway_b, glass_columns_b,
          glass_columns_b, glass_columns_b, glass_columns_a
D:2:      led_sif_pool, minivault_5, grunt_ministairs_1, minmay_circled_x

Action                   || total
-------------------------++-------
Melee: Dagger            ||    53
       Bite              ||     2
 Cast: Ensorcelled Hiber ||    12
  Use: Potion            ||     3
 Stab: Sleeping          ||    13
Armor: Robe              ||     7
Dodge: Dodged            ||    37
